 Dungeon Crawl Stone Soup version 0.21.1-1-g345015f (webtiles) character file.

175 aMcNicky the Skirmisher (level 5, -6/47 HPs)
             Began as a Hill Orc Fighter on Mar 3, 2018.
             Killed from afar by a white imp (10 damage)
             ... with a puff of frost
             ... summoned by letownia2's ghost
             ... on level 3 of the Dungeon.
             The game lasted 00:11:51 (2473 turns).

aMcNicky the Skirmisher (Hill Orc Fighter)          Turns: 2473, Time: 00:11:51

Health: -6/47      AC:  7    Str: 20    XL:     5   Next: 55%
Magic:  5/5        EV:  7    Int:  8    God:
Gold:   221        SH:  9    Dex: 10    Spells: 4/4 levels left

rFire    . . .     SeeInvis .   a - +0 trident
rCold    . . .     Gourm    .   c - +0 shield
rNeg     . . .     Faith    .   b - +0 scale mail
rPois    .         Spirit   .   (helmet restricted)
rElec    .         Reflect  .   (no cloak)
rCorr    .         Harm     .   (no gloves)
MR       .....                  (no boots)
Stlth    ..........             (no amulet)
HPRegen  0.15/turn              (no ring)
MPRegen  0.09/turn              (no ring)

@: no status effects
A: horns 1, no potion heal 1
a: no special abilities


You were on level 3 of the Dungeon.
You were not hungry.

You visited 1 branch of the dungeon, and saw 3 of its levels.

You collected 221 gold pieces.

Inventory:

Hand Weapons
 a - a +0 trident (weapon)
 o - a +0 halberd
Armour
 b - a +0 scale mail (worn)
 c - a +0 shield (worn)
Jewellery
 k - an uncursed amulet of guardian spirit {unknown}
Wands
 g - a wand of flame (13)
Scrolls
 i - 3 scrolls of amnesia {unknown}
 j - a scroll of blinking {unknown}
 m - 3 scrolls of identify {unknown}
 n - a scroll of teleportation {unknown}
 p - 2 scrolls of random uselessness {unknown}
 q - a scroll of enchant weapon {unknown}
Potions
 d - a potion of might
 e - a potion of agility {unknown}
 h - a potion of heal wounds {unknown}
 l - a potion of degeneration {unknown}
 s - a potion of haste {unknown}
 t - a potion of curing {unknown}
Comestibles
 f - 7 rations
 r - a chunk of flesh


   Skills:
 + Level 4.8 Fighting
 * Level 4.4 Polearms
 - Level 4.2 Armour
 - Level 3.5 Shields


You had 4 spell levels left.
You didn't know any spells.

Dungeon Overview and Level Annotations

Branches:
Dungeon (3/15)

Altars:
Gozag

Annotations:
D:3 letownia2's ghost, weakling TeWz


Innate Abilities, Weirdness & Mutations

You have a pair of small horns on your head.
Potions are less effective at restoring your health.


Message History

You are too injured to fight recklessly!
You are too injured to fight recklessly!
You are too injured to fight recklessly!
You are too injured to fight recklessly!
You hit the white imp but do no damage. You headbutt the white imp.
The white imp is lightly wounded.
You puncture the white imp!
The white imp is severely wounded.
The white imp gestures at you. The puff of frost hits you!
The white imp gestures at you. The puff of frost hits you!
* * * LOW HITPOINT WARNING * * *
Okay, then.
The white imp disappears in a puff of smoke!
Letownia2's ghost mumbles some strange words.
The crimson imp shouts!
The white imp gestures at you. The puff of frost hits you!
You die...

##########
#........#
#.######.# ##.#
#.# #..# #.#
###@### #.#
####### #...).#
#.# #.....#
#.#.### #.#
......# #..5..#
#.# ......#
###W#.# .#.#
...#### #
#$....# ..#.#
...#
#..###5###...#.#
####
#...((.†.....#'#
#
#...............


You could see letownia2's ghost, a crimson imp and a white imp.

Vanquished Creatures
  3 orc wizards (D:3)
  3 adders (D:3)
  4 gnolls (D:3)
  An ooze (D:3)
  4 dart slugs
  A worm (D:3)
  3 orcs (D:3)
  A ball python (D:3)
  2 giant cockroaches
  8 goblins
  6 hobgoblins
  2 quokkas (D:2)
  A bat (D:2)
  6 frilled lizards
  6 kobolds
  8 rats
59 creatures vanquished.

Notes
Turn   | Place    | Note
-------+----------+-------------------------------------------
     0 | D:1      | aMcNicky the Hill Orc Fighter began the quest for the Orb.
     0 | D:1      | Reached XP level 1. HP: 19/19 MP: 1/1
    50 | D:1      | Reached XP level 2. HP: 19/27 MP: 2/2
   647 | D:2      | Reached XP level 3. HP: 25/33 MP: 3/3
  1139 | D:3      | Reached XP level 4. HP: 15/40 MP: 4/4
  1140 | D:3      | HP: 1/40 [something (4)]
  1141 | D:3      | Gained mutation: Potions are less effective at restoring your health. [potion of mutation]
  1141 | D:3      | Gained mutation: You have a pair of small horns on your head. [potion of mutation]
  1612 | D:3      | Reached XP level 5. HP: 37/47 MP: 5/5
  2407 | D:3      | Found an opulent altar of Gozag.
  2443 | D:3      | Noticed letownia2's ghost (weakling TeWz)
  2473 | D:3      | Killed from afar by a white imp

Skill      XL: |  1  2  3  4 |
---------------+-------------+-----
Fighting       | 4 |  4.8
Polearms       | 3 4 |  4.4
Armour         | 4 |  4.2
Shields        | |  3.5

Action                   |  1- 3 |  4- 6 || total
-------------------------+-------+-------++-------
Melee: Trident           |   107 |   104 ||   211
       Headbutt          |       |     7 ||     7
  Use: Potion            |       |     1 ||     1
  Eat: Chunk             |     1 |     3 ||     4
       Ration            |       |     1 ||     1
Armor: Scale mail        |    29 |    35 ||    64
Dodge: Dodged            |    21 |    27 ||    48
Block: Shield            |    35 |    38 ||    73
